| TOP OF THE 1ST |
|
Montreal Expos batting - Pitching for Pittsburgh Pirates : RHP Jose Vasquez
|
|
Pitching: RHP Jose Vasquez
|
|
|
Batting: RHB Juan Villa
|
0-0: Ball 1-0: Foul Ball, location: 2F 1-1: Ground out 5-3 (Groundball, 5L, EV 89.4 MPH)
|
|
Batting: SHB Garry Templeton
|
0-0: Fly out, F6 (Line Drive, 6, EV 70.6 MPH)
|
|
Batting: LHB Kirk Gibson
|
0-0: Ball 1-0: Ball 2-0: Called Strike 2-1: Ball 3-1: Foul Ball, location: 2F 3-2: Foul Ball, location: 2F 3-2: Base on Balls
|
|
Batting: RHB Dale Murphy
|
0-0: Ball 1-0: Foul Ball, location: 2F 1-1: Ball 2-1: 2-RUN HOME RUN (Flyball, 7LD, EV 94.4 MPH), Distance : 347 ft
|
|
Batting: LHB Guonçalo Fernandes
|
0-0: Called Strike 0-1: Ball 1-1: Ball 2-1: Called Strike 2-2: Ball 3-2: SINGLE (Groundball, 34D, EV 98.8 MPH)
|
|
Batting: LHB Ernesto Quevedo
|
0-0: Ball 1-0: SINGLE (Flyball, 9LS, EV 92.5 MPH) Guonçalo Fernandes to second Runner from 2nd tries for 3rd, SAFE, throw by RF made to third
|
|
Batting: LHB Orlando Sanchez
|
0-0: Fielders Choice at 2nd, 5-4 (Groundball, 5, EV 81.3 MPH)
|
| Top of the 1st over - 2 runs, 3 hits, 0 errors, 2 left on base; Montreal 2 - Pittsburgh 0 |
| BOTTOM OF THE 1ST |
|
Pittsburgh Pirates batting - Pitching for Montreal Expos : LHP Frank Tanana
|
|
Pitching: LHP Frank Tanana
|
|
|
Batting: RHB Dan Gladden
|
0-0: Swinging Strike 0-1: Called Strike 0-2: Ball 1-2: Ball 2-2: Foul Ball, location: 2F 2-2: Ball 3-2: Strikes out swinging
|
|
Batting: LHB Terry Whitfield
|
0-0: Called Strike 0-1: Ball 1-1: Swinging Strike 1-2: Strikes out swinging
|
|
Batting: RHB Rennie Stennett
|
0-0: Ball 1-0: Ground out 6-3 (Groundball, 56, EV 81.3 MPH)
|
| Bottom of the 1st over - 0 runs, 0 hits, 0 errors, 0 left on base; Montreal 2 - Pittsburgh 0 |
| TOP OF THE 2ND |
|
Montreal Expos batting - Pitching for Pittsburgh Pirates : RHP Jose Vasquez
|
|
Batting: SHB Alex Ortiz
|
0-0: Foul Ball, location: 2F 0-1: Foul Ball, location: 2F 0-2: Ground out 4-3 (Groundball, 4, EV 81.9 MPH)
|
|
Batting: LHB Frank Tanana
|
0-0: Called Strike 0-1: DOUBLE (Line Drive, 5D, EV 95.6 MPH)
|
|
Batting: RHB Juan Villa
|
0-0: Ball 1-0: Foul Ball, location: 2F 1-1: Ball 2-1: SINGLE (Line Drive, 78S, EV 88.1 MPH) Frank Tanana to third Runner from 3rd tries for Home, SAFE, throw by LF to home
|
|
Batting: SHB Garry Templeton
|
0-0: Called Strike 0-1: Grounds into double play, 4-6-3 (Groundball, 4, EV 100.6 MPH)
|
| Top of the 2nd over - 1 run, 2 hits, 0 errors, 0 left on base; Montreal 3 - Pittsburgh 0 |
| BOTTOM OF THE 2ND |
|
Pittsburgh Pirates batting - Pitching for Montreal Expos : LHP Frank Tanana
|
|
Batting: LHB Greg Walker
|
0-0: Ball 1-0: Foul Ball, location: 2F 1-1: Ball 2-1: Called Strike 2-2: Fly out, F6 (Popup, 6MS, EV 63.8 MPH)
|
|
Batting: SHB Chili Davis
|
0-0: Called Strike 0-1: Ball 1-1: Foul Ball, location: 2F 1-2: Foul Ball, location: 2F 1-2: Ball 2-2: Ball 3-2: Foul Ball, location: 2F 3-2: Foul Ball, location: 2F 3-2: Foul Ball, location: 2F 3-2: Base on Balls
|
|
Batting: RHB William Max
|
0-0: Called Strike 0-1: Foul Ball, location: 2F 0-2: Ball 1-2: SINGLE (Line Drive, 9S, EV 96.9 MPH) Chili Davis to second Runner from 2nd tries for 3rd, SAFE, no throw by RF
|
|
Batting: SHB Ron Oester
|
0-0: Called Strike 0-1: Swinging Strike 0-2: SINGLE (Line Drive, 4M, EV 98.8 MPH) Chili Davis scores William Max to second Runner from 2nd tries for 3rd, OUT! 8-5
|
|
Batting: LHB Craig Barnes
|
0-0: Ball 1-0: Called Strike 1-1: Fly out, F4 (Flyball, 3D, EV 88.8 MPH)
|
| Bottom of the 2nd over - 1 run, 2 hits, 0 errors, 1 left on base; Montreal 3 - Pittsburgh 1 |
| TOP OF THE 3RD |
|
Montreal Expos batting - Pitching for Pittsburgh Pirates : RHP Jose Vasquez
|
|
Batting: LHB Kirk Gibson
|
0-0: Ball 1-0: Called Strike 1-1: Ball 2-1: Called Strike 2-2: Ball 3-2: Foul Ball, location: 2F 3-2: Foul Ball, location: 2F 3-2: Base on Balls
|
|
Batting: RHB Dale Murphy
|
0-0: Ball 1-0: Ball 2-0: Called Strike 2-1: Ball 3-1: Base on Balls Kirk Gibson to second
|
|
Batting: LHB Guonçalo Fernandes
|
0-0: Ball 1-0: Fielders Choice at 2nd, 4-6 (Groundball, 4, EV 96.9 MPH) Kirk Gibson to third
|
|
Batting: LHB Ernesto Quevedo
|
0-0: Hit by Pitch Guonçalo Fernandes to second
|
|
Batting: LHB Orlando Sanchez
|
0-0: Ball 1-0: DOUBLE (Line Drive, 78D, EV 108.1 MPH) Kirk Gibson scores Guonçalo Fernandes scores Ernesto Quevedo to third Runner from 3rd tries for Home, SAFE, throw by CF to home
|
|
Pitching: RHP Brian Kingman
|
|
|
Batting: SHB Alex Ortiz
|
0-0: Ball 1-0: Ground out 4-3 (Groundball, 34D, EV 97.5 MPH) Orlando Sanchez to third
|
|
Batting: LHB Frank Tanana
|
0-0: Called Strike 0-1: Ball 1-1: Ball 2-1: SINGLE (Line Drive, 34D, EV 96.9 MPH) Orlando Sanchez scores
|
|
Batting: RHB Juan Villa
|
0-0: Ball 1-0: SINGLE (Flyball, 9LS, EV 91.9 MPH) Frank Tanana to second Runner from 2nd tries for 3rd, SAFE, throw by RF made to third
|
|
Batting: SHB Garry Templeton
|
0-0: Called Strike 0-1: Ball 1-1: Ball 2-1: Ground out 4-3 (Groundball, 4, EV 101.9 MPH)
|
| Top of the 3rd over - 4 runs, 3 hits, 0 errors, 2 left on base; Montreal 7 - Pittsburgh 1 |
| BOTTOM OF THE 3RD |
|
Pittsburgh Pirates batting - Pitching for Montreal Expos : LHP Frank Tanana
|
|
Batting: RHB Brian Kingman
|
0-0: Called Strike 0-1: Foul Ball, location: 2F 0-2: Ball 1-2: Ball 2-2: Ball 3-2: Strikes out swinging
|
|
Batting: RHB Dan Gladden
|
0-0: Ball 1-0: Ground out 6-3 (Groundball, 6, EV 103.1 MPH)
|
|
Batting: LHB Terry Whitfield
|
0-0: Foul Ball, location: 2F 0-1: Fly out, F7 (Flyball, 78D, EV 91.9 MPH)
|
| Bottom of the 3rd over - 0 runs, 0 hits, 0 errors, 0 left on base; Montreal 7 - Pittsburgh 1 |
| TOP OF THE 4TH |
|
Montreal Expos batting - Pitching for Pittsburgh Pirates : RHP Brian Kingman
|
|
Batting: LHB Kirk Gibson
|
0-0: Ball 1-0: Called Strike 1-1: Ball 2-1: Ball 3-1: Base on Balls
|
|
Batting: RHB Dale Murphy
|
0-0: Called Strike Kirk Gibson steals 2nd base 0-1: 2-RUN HOME RUN (Flyball, 78XD, EV 108.8 MPH), Distance : 431 ft
|
|
Batting: LHB Guonçalo Fernandes
|
0-0: Fly out, F4 (Flyball, 34D, EV 84.4 MPH)
|
|
Batting: LHB Ernesto Quevedo
|
0-0: Ball 1-0: Fly out, F7 (Flyball, 7S, EV 86.9 MPH)
|
|
Batting: LHB Orlando Sanchez
|
0-0: Ground out 1-3 (Groundball, 13S, EV 66.9 MPH)
|
| Top of the 4th over - 2 runs, 1 hit, 0 errors, 0 left on base; Montreal 9 - Pittsburgh 1 |
| BOTTOM OF THE 4TH |
|
Pittsburgh Pirates batting - Pitching for Montreal Expos : LHP Frank Tanana
|
|
Batting: RHB Rennie Stennett
|
0-0: Ball 1-0: Swinging Strike 1-1: Foul Ball, location: 2F 1-2: DOUBLE (Flyball, 78XD, EV 103.1 MPH)
|
|
Batting: LHB Greg Walker
|
0-0: Swinging Strike 0-1: Swinging Strike 0-2: Ball 1-2: Strikes out swinging
|
|
Batting: SHB Chili Davis
|
0-0: Called Strike 0-1: Fly out, F8 (Flyball, 8LS, EV 85.0 MPH)
|
|
Batting: RHB William Max
|
0-0: Ball 1-0: Ball 2-0: Fly out, F8 (Flyball, 8RD, EV 93.1 MPH)
|
| Bottom of the 4th over - 0 runs, 1 hit, 0 errors, 1 left on base; Montreal 9 - Pittsburgh 1 |
| TOP OF THE 5TH |
|
Montreal Expos batting - Pitching for Pittsburgh Pirates : RHP Brian Kingman
|
|
Batting: SHB Alex Ortiz
|
0-0: Swinging Strike 0-1: Ball 1-1: Ball 2-1: Ground out 4-3 (Groundball, 4D, EV 109.4 MPH)
|
|
Pinch Hitting: RHB Dave Winfield
|
0-0: Called Strike 0-1: Ball 1-1: Ground out U3 (Groundball, 3S, EV 80.6 MPH)
|
|
Pinch Hitting: LHB Duane Walker
|
0-0: Ball 1-0: Called Strike 1-1: Ball 2-1: Ball 3-1: Base on Balls
|
|
Batting: SHB Garry Templeton
|
0-0: Ball 1-0: SINGLE (Groundball, 56S, EV 67.5 MPH) (infield hit) Duane Walker to second
|
|
Pinch Hitting: RHB Luis Sanchez
|
0-0: Called Strike 0-1: Ball 1-1: Ball 2-1: Ball 3-1: SINGLE (Flyball, 89S, EV 97.5 MPH) Duane Walker to third Garry Templeton to second Runner from 3rd tries for Home, SAFE, throw by RF to home
|
|
Pinch Hitting: LHB Gary Rajsich
|
0-0: Foul Ball, location: 2F 0-1: Ball 1-1: Ball 2-1: Foul Ball, location: 2F 2-2: Foul Ball, location: 2F 2-2: Foul Ball, location: 2F 2-2: Ground out U3 (Groundball, 34, EV 95.0 MPH)
|
| Top of the 5th over - 1 run, 2 hits, 0 errors, 2 left on base; Montreal 10 - Pittsburgh 1 |
| BOTTOM OF THE 5TH |
|
Pittsburgh Pirates batting - Pitching for Montreal Expos : LHP Frank Tanana
|
|
Pitching: LHP Bob Ojeda
|
|
|
Now at 1B: Gary Rajsich
|
|
|
Now in CF: Duane Walker
|
|
|
Now in RF: Luis Sanchez
|
|
|
Batting: SHB Ron Oester
|
0-0: Called Strike 0-1: Ground out U3 (Groundball, 3, EV 103.8 MPH)
|
|
Batting: LHB Craig Barnes
|
0-0: Ball 1-0: Ball 2-0: Called Strike 2-1: Foul Ball, location: 2F 2-2: Strikes out swinging
|
|
Batting: RHB Brian Kingman
|
0-0: Foul Ball, location: 2F 0-1: Foul Ball, location: 2F 0-2: Strikes out swinging
|
| Bottom of the 5th over - 0 runs, 0 hits, 0 errors, 0 left on base; Montreal 10 - Pittsburgh 1 |
| TOP OF THE 6TH |
|
Montreal Expos batting - Pitching for Pittsburgh Pirates : RHP Brian Kingman
|
|
Pinch Hitting: SHB George D Wright
|
0-0: SINGLE (Groundball, 4D, EV 97.5 MPH)
|
|
Pinch Hitting: RHB Philip Klimas
|
0-0: Called Strike 0-1: Grounds into double play, 4-6-3 (Groundball, 4, EV 78.8 MPH)
|
|
Batting: LHB Orlando Sanchez
|
0-0: Ground out 1-3 (Groundball, 34S, EV 63.1 MPH)
|
| Top of the 6th over - 0 runs, 1 hit, 0 errors, 0 left on base; Montreal 10 - Pittsburgh 1 |
| BOTTOM OF THE 6TH |
|
Pittsburgh Pirates batting - Pitching for Montreal Expos : LHP Bob Ojeda
|
|
Now at 3B: Philip Klimas
|
|
|
Now in LF: George D Wright
|
|
|
Batting: RHB Dan Gladden
|
0-0: Fly out, F8 (Flyball, 8LXD, EV 101.3 MPH)
|
|
Batting: LHB Terry Whitfield
|
0-0: Ground out 4-3 (Groundball, 4, EV 90.0 MPH)
|
|
Batting: RHB Rennie Stennett
|
0-0: Ball 1-0: Ball 2-0: Called Strike 2-1: Fly out, F8 (Line Drive, 8RM, EV 97.5 MPH)
|
| Bottom of the 6th over - 0 runs, 0 hits, 0 errors, 0 left on base; Montreal 10 - Pittsburgh 1 |
| TOP OF THE 7TH |
|
Montreal Expos batting - Pitching for Pittsburgh Pirates : RHP Brian Kingman
|
|
Pinch Hitting: LHB Timnothy Meyer
|
0-0: Called Strike 0-1: Fly out, F6 (Flyball, 4MD, EV 85.6 MPH)
|
|
Batting: LHB Bob Ojeda
|
0-0: Ball 1-0: Foul Ball, location: 2F 1-1: Foul Ball, location: 2F 1-2: Foul Ball, location: 2F 1-2: Ground out 4-3 (Groundball, 34, EV 85.6 MPH)
|
|
Batting: LHB Duane Walker
|
0-0: Called Strike 0-1: Foul Ball, location: 2F 0-2: Ball 1-2: Ball 2-2: Ball 3-2: Base on Balls
|
|
Batting: SHB Garry Templeton
|
0-0: Ball 1-0: Ball 2-0: Called Strike 2-1: Ball 3-1: Base on Balls Duane Walker to second
|
|
Batting: RHB Luis Sanchez
|
0-0: Ball 1-0: Fielders Choice at 2nd, 6-4 (Groundball, 6, EV 94.4 MPH)
|
| Top of the 7th over - 0 runs, 0 hits, 0 errors, 2 left on base; Montreal 10 - Pittsburgh 1 |
| BOTTOM OF THE 7TH |
|
Pittsburgh Pirates batting - Pitching for Montreal Expos : LHP Bob Ojeda
|
|
Now at 2B: Timnothy Meyer
|
|
|
Pinch Hitting: RHB Frank Hunsaker
|
0-0: Ball 1-0: Ball 2-0: Called Strike 2-1: Swinging Strike 2-2: Foul Ball, location: 2F 2-2: Strikes out looking
|
|
Batting: SHB Chili Davis
|
0-0: Ball 1-0: Called Strike 1-1: Ball 2-1: Ground out 4-3 (Groundball, 4, EV 81.9 MPH)
|
|
Batting: RHB William Max
|
0-0: Called Strike 0-1: Swinging Strike 0-2: Strikes out looking
|
| Bottom of the 7th over - 0 runs, 0 hits, 0 errors, 0 left on base; Montreal 10 - Pittsburgh 1 |
| TOP OF THE 8TH |
|
Montreal Expos batting - Pitching for Pittsburgh Pirates : RHP Brian Kingman
|
|
Pitching: RHP Mike Smithson
|
|
|
Now at 1B: Frank Hunsaker
|
|
|
Batting: LHB Gary Rajsich
|
0-0: Called Strike 0-1: Foul Ball, location: 2F 0-2: Strikes out swinging
|
|
Batting: SHB George D Wright
|
0-0: Fly out, F9 (Flyball, 9D, EV 98.1 MPH)
|
|
Batting: RHB Philip Klimas
|
0-0: Called Strike 0-1: Ball 1-1: Called Strike 1-2: Strikes out swinging
|
| Top of the 8th over - 0 runs, 0 hits, 0 errors, 0 left on base; Montreal 10 - Pittsburgh 1 |
| BOTTOM OF THE 8TH |
|
Pittsburgh Pirates batting - Pitching for Montreal Expos : LHP Bob Ojeda
|
|
Pinch Hitting: LHB Alex Campos
|
0-0: Fly out, F9 (Line Drive, 9, EV 91.3 MPH)
|
|
Batting: LHB Craig Barnes
|
0-0: Ground out 6-3 (Groundball, 6, EV 84.4 MPH)
|
|
Batting: RHB Mike Smithson
|
0-0: Called Strike 0-1: Ball 1-1: Ball 2-1: Called Strike 2-2: Strikes out swinging
|
| Bottom of the 8th over - 0 runs, 0 hits, 0 errors, 0 left on base; Montreal 10 - Pittsburgh 1 |
| TOP OF THE 9TH |
|
Montreal Expos batting - Pitching for Pittsburgh Pirates : RHP Mike Smithson
|
|
Now at SS: Alex Campos
|
|
|
Pinch Hitting: RHB Jaeden Rose
|
0-0: Ball 1-0: Foul Ball, location: 2F 1-1: Foul Ball, location: 2F 1-2: Ball 2-2: Foul Ball, location: 2F 2-2: Ball 3-2: DOUBLE (Groundball, 5L, EV 105.0 MPH)
|
|
Batting: LHB Timnothy Meyer
|
0-0: Ball 1-0: Ball 2-0: SINGLE (Flyball, 89S, EV 97.5 MPH) Jaeden Rose to third Runner from 3rd tries for Home, SAFE, throw by RF to home
|
|
Batting: LHB Bob Ojeda
|
0-0: Sac Bunt to 23 - play at first, batter OUT! 3-4 Timnothy Meyer to second
|
|
Batting: LHB Duane Walker
|
0-0: Called Strike 0-1: Ground out 6-3 (Groundball, 6, EV 85.0 MPH)
|
|
Batting: SHB Garry Templeton
|
0-0: Ball 1-0: Ball 2-0: Ball 3-0: Ground out 6-3 (Groundball, 6, EV 86.9 MPH)
|
| Top of the 9th over - 1 run, 2 hits, 0 errors, 1 left on base; Montreal 11 - Pittsburgh 1 |
| BOTTOM OF THE 9TH |
|
Pittsburgh Pirates batting - Pitching for Montreal Expos : LHP Bob Ojeda
|
|
Now at C: Jaeden Rose
|
|
|
Pinch Hitting: LHB Jared Martin
|
0-0: Called Strike 0-1: Ball 1-1: Ground out 6-3 (Groundball, 56D, EV 106.3 MPH)
|
|
Pinch Hitting: SHB John Shelby
|
0-0: Ball 1-0: Called Strike 1-1: Ball 2-1: Ball 3-1: Foul Ball, location: 2F 3-2: Foul Ball, location: 2F 3-2: Fly out, F8 (Line Drive, 8LD, EV 108.1 MPH)
|
|
Pinch Hitting: LHB Robert Lopez
|
0-0: Ball 1-0: Ball 2-0: Fly out, F7 (Flyball, 7, EV 88.1 MPH)
|
| Bottom of the 9th over - 0 runs, 0 hits, 0 errors, 0 left on base; Montreal 11 - Pittsburgh 1 |
|